 Dungeon Crawl Stone Soup version 0.30-a0-719-gcc4359ea44 (webtiles) character file.

Game seed: 16460591488999210134

152249 Mitcholas the Marksdraconian (level 17, -7/154 HPs)
             Began as a Black Draconian Hunter on Jan 26, 2023.
             Was the Champion of Okawaru.
             Mangled by a merfolk impaler
             ... wielding a +2 trident of venom
              (9 damage)
             ... on level 4 of the Shoals.
             The game lasted 01:25:07 (27629 turns).

Mitcholas the Marksdraconian (DrHu)                Turns: 27629, Time: 01:25:07

Health: -7/154     AC: 15    Str: 13    XL:     17   Next: 2%
Magic:  26/26      EV: 27    Int: 11    God:    Okawaru [******]
Gold:   2047       SH:  5    Dex: 23    Spells: 24/29 levels left

rFire   . . .      SeeInvis .    b - +3 arbalest of the Dwarven Hall {heavy, rElec rPois Str-5}
rCold   + . .      Faith    .    (shield currently unavailable)
rNeg    . . .      Spirit   .    (body armour unavailable)
rPois   +          Reflect  +    Y - +2 hat {Will+}
rElec   +          Harm     .    d - scarf {+Inv}
rCorr   .          Rampage  .    N - +1 pair of gloves {Dex+3}
Will    ++...                    y - +1 pair of boots
Stlth   +++                      k - amulet of reflection
HPRegen 0.45/turn                Z - ring "Zatsani Itets" {rC+ EV+5 Str+3}
MPRegen 0.20/turn                A - +4 ring of slaying

@: about to teleport, flying
A: breathe lightning, AC +9, unfitting armour, big wings, electricity
resistance, cold-blooded
a: Breathe Lightning, Renounce Religion, Evoke Invisibility, Heroism, Finesse,
Duel


You were on level 4 of the Shoals.
You worshipped Okawaru.
Okawaru was exalted by your worship.
You visited 5 branches of the dungeon, and saw 27 of its levels.
You also visited: Gauntlet.

You collected 2583 gold pieces.
You spent 536 gold pieces at shops.

Inventory:

Hand Weapons
 a - the +8 storm bow {elec, penet}
   (You found it on level 8 of the Dungeon)
 b - the +3 arbalest of the Dwarven Hall (weapon) {heavy, rElec rPois Str-5}
   (You found it on level 8 of the Dungeon)

   Str:       It affects your strength (-5).
   rElec:     It insulates you from electricity.
   rPois:     It protects you from poison.
Armour
 d - a scarf of invisibility (worn)
 y - a +1 pair of boots (worn)
 N - a +1 pair of gloves of dexterity (worn)
 Y - a +2 hat of willpower (worn)
Jewellery
 k - an amulet of reflection (around neck)
 t - a ring of poison resistance
 A - a +4 ring of slaying (right hand)
 D - a ring of protection from cold
 O - a ring of protection from fire
 P - a ring of see invisible
 X - the ring "Leezub" {Wiz Will+ Str-5 Int+4}
   (You found it in a Gauntlet)

   [ring of wizardry]

   It improves your spell success rate.
   Str:       It affects your strength (-5).
   Int:       It affects your intelligence (+4).
   Will:      It increases your willpower.
 Z - the ring "Zatsani Itets" (left hand) {rC+ EV+5 Str+3}
   (You took it off a minotaur in a Gauntlet)

   [ring of evasion]

   EV:        It affects your evasion (+5).
   Str:       It affects your strength (+3).
   rC:        It protects you from cold.
Wands
 r - a wand of paralysis (44)
 x - a wand of iceblast (18)
 G - a wand of flame (25)
 L - a wand of polymorph (6)
 Q - a wand of mindburst (6)
 T - a wand of acid (3)
Scrolls
 e - 3 scrolls of enchant weapon
 g - 3 scrolls of enchant armour
 h - 4 scrolls of fear
 l - 2 scrolls of blinking
 o - 11 scrolls of teleportation
 p - 7 scrolls of poison
 v - 4 scrolls of fog
 w - a scroll of silence
 B - 3 scrolls of torment
 V - 6 scrolls of immolation
Potions
 c - 10 potions of ambrosia
 f - 5 potions of brilliance
 i - 14 potions of curing
 m - 2 potions of berserk rage
 n - 8 potions of mutation
 s - 6 potions of might
 u - 2 potions of magic {unknown}
 z - 4 potions of lignification
 C - a potion of heal wounds
 F - a potion of resistance {unknown}
 H - a potion of attraction {unknown}
 I - 4 potions of cancellation {unknown}
 R - 5 potions of haste
Miscellaneous
 J - a phial of floods
 K - a tin of tremorstones (2/2)


   Skills:
 + Level 14.8 Fighting
 * Level 18.9 Ranged Weapons
 - Level 11.7 Dodging
 - Level 5.0 Stealth
 + Level 6.6 Spellcasting
 + Level 0.1 Necromancy
 * Level 0.2 Earth Magic
 - Level 13.0 Invocations
 - Level 6.0 Evocations


You had 24 spell levels left.
You knew the following spells:

 Your Spells              Type           Power      Damage    Failure   Level
a - Borgnjor's Vile Clut  Necr/Erth      2%         N/A       99%         5

Your spell library contained the following spells:

 Spells                   Type           Power      Damage    Failure   Level
 Sandblast                Erth           8%         2d5       16%         1
 Necrotise                Necr           12%        1d4       17%         1
 Apportation              Tloc           6%         N/A       19%         1
 Magic Dart               Conj           12%        1d3       19%         1
 Sting                    Tmut/Pois      12%        1d3       19%         1
 Passwall                 Tmut/Erth      2%         N/A       26%         2
 Poisonous Vapours        Pois/Air       6%         N/A       28%         2
 Searing Ray              Conj           6%         2d4       28%         2
 Wereblood                Tmut           3%         N/A       28%         2
 Vampiric Draining        Necr           3%         2d6       45%         3
 Frozen Ramparts          Ice            6%         1d1       50%         3
 Gell's Gravitas          Tloc           3%         N/A       50%         3
 Ignite Poison            Fire/Tmut/Pois 3%         N/A       50%         3
 Inner Flame              Hex/Fire       3%         N/A       50%         3
 Kindle Blastsparks       Fire/Tloc/Air  6%         2d10      50%         3
 Petrify                  Tmut/Erth      3%         N/A       86%         4
 Anguish                  Hex/Necr       1%         N/A       87%         4
 Flame Wave               Conj/Fire      3%         2d5       88%         4
 Fulminant Prism          Conj/Hex       1%         3d5       88%         4
 Ice Form                 Ice/Tmut       3%         N/A       88%         4
 Iskenderun's Mystic Bla  Conj/Tloc      3%         2d3       88%         4
 Olgreb's Toxic Radiance  Pois           3%         N/A       88%         4
 Sticky Flame             Conj/Fire      3%         2d3       88%         4
 Agony                    Necr           3%         N/A       99%         5
 Blade Hands              Tmut           1%         N/A       99%         5
 Freezing Cloud           Conj/Ice/Air   1%         6-21      99%         5
 Irradiate                Conj/Tmut      1%         3d12      99%         5
 Iskenderun's Battlesphe  Conj           3%         2d6       99%         5
 Lee's Rapid Deconstruct  Erth           2%         3d4*      99%         5
 Metabolic Englaciation   Hex/Ice        1%         N/A       99%         5
 Dispersal                Tloc           1%         N/A       100%        6
 Iron Shot                Conj/Erth      1%         9d1       100%        6
 Statue Form              Tmut/Erth      2%         N/A       100%        6
 Dragon Form              Tmut           1%         N/A       100%        7
 Enfeeble                 Hex            1%         N/A       100%        7
 Storm Form               Tmut/Air       1%         N/A       100%        7
 Polar Vortex             Ice            1%         N/A       100%        9
 Summon Small Mammal      Summ           Unusable   N/A       N/A         1
 Call Imp                 Summ           Unusable   N/A       N/A         2
 Animate Dead             Necr           Unusable   N/A       N/A         4
 Summon Ice Beast         Ice/Summ       Unusable   N/A       N/A         4
 Summon Forest            Summ/Tloc      Unusable   N/A       N/A         5
 Death Channel            Necr           Unusable   N/A       N/A         6
 Simulacrum               Ice/Necr       Unusable   N/A       N/A         6
 Summon Cactus Giant      Summ           Unusable   N/A       N/A         6
 Spellforged Servitor     Conj/Summ      Unusable   N/A       N/A         7

Dungeon Overview and Level Annotations

Branches:
Dungeon (15/15)            Temple (1/1) D:5            Lair (5/5) D:9
 Shoals (4/4) Lair:2        Snake (0/4) Lair:2        Slime (0/5) Lair:5
    Orc (2/2) D:11            Elf (0/3) Orc:2        Vaults (0/5) D:13
 Depths (0/4) D:15        Gauntlet (visited)

Altars:
Ashenzari
Cheibriados
Dithmenos
Elyvilon
Fedhas
Gozag
Hepliaklqana
Kikubaaqudgha
Makhleb
Nemelex Xobeh
Okawaru
Qazlal
Ru
Sif Muna
Trog
Uskayaw
Vehumet
Wu Jian
Xom
Yredelemnul
Zin
The Shining One
Jiyva
Lugonu

Shops:
D:3 ?   D:4 (   D:9 *   D:10 [   Orc:2 *([=   Shoals:3 [   Shoals:4 *

Portals:
Abyss: Lair:5

Annotations:
D:6 2 runed translucent doors, Heh's ghost, novice OpMo
Lair:5 3 runed translucent doors, relicbr's ghost, journeyman TrBe
Shoals:3 Bai Suzhen


Innate Abilities, Weirdness & Mutations

You can breathe wild blasts of lightning.
Your glossy black scales are hard. (AC +9)
You cannot fit into any form of body armour.
Your large and strong wings let you fly.
You are resistant to electric shocks. (rElec)
You are cold-blooded and may be slowed by cold attacks.


Message History

The bolt hits the merfolk!!!
You kill the merfolk!
Okawaru accepts your kill.
You hear a splash. x2
The merfolk throws a boomerang.
The boomerang hits you!
The water nymph gestures at you while chanting.
The water rises up and strikes you!!
You shoot a bolt. The bolt misses the merfolk impaler.
The bolt hits the water nymph!!!
The water nymph is almost dead.
You shoot a bolt. The bolt hits the merfolk impaler!
The merfolk impaler is lightly wounded.
The merfolk impaler completely misses you.
You block the merfolk's attack. You block the merfolk impaler's attack.
The water nymph casts a spell at you. The water rises up and strikes you!!
The merfolk throws a boomerang.
You reflect the boomerang off an invisible shield around you!
The boomerang closely misses the merfolk.
The merfolk impaler hits you from afar with a +2 trident of venom!
You shoot a bolt.
The bolt barely misses the merfolk impaler.
The merfolk impaler misses you.
The water nymph points at you and mumbles some strange words.
The water rises up and strikes you!!
The merfolk hits you from afar with a +0 spear!!
* * * LOW HITPOINT WARNING * * *
The merfolk impaler completely misses you.
Press: ? - help, v - describe, . - travel
Here: a merfolk impaler, wielding a +2 trident of venom and wearing a +0 leather armour (lightly wounded) Some shallow water.
Unknown command.
As you read the scroll of teleportation, it crumbles to dust.
You feel strangely unstable. The merfolk impaler misses you.
The water nymph gestures at you while chanting.
The water rises up and strikes you!!
* * * LOW HITPOINT WARNING * * *
The merfolk throws a boomerang.
The boomerang hits you!
* * * LOW HITPOINT WARNING * * *
The merfolk impaler hits you from afar with a +2 trident of venom!
You die...

~~~~~~~~~~~~~.#
~~~~~~~~~~~~.~#
~~~~~~~=###..~##
~~~~~~~.###...†##
~~~~~~~....)....#######
~~~~~~~~..~.....~...~~~
~~~~~~~~~~~~...~~~~~~~~
~~~~~~~~~~~~...~~~~~~~~
~~~~~~~~~~~~@~~~~~~~~~~
~~~~~≈≈≈≈≈≈~~~~~~~~~~~~
#######≈≈≈≈mm~~~~~~~≈≈~
##≈≈≈≈≈m~...~~≈≈≈
##≈≈≈≈)~.##?~~~≈
#≈≈≈~...# #..~
#≈≈~..~.. ## #~~.......


You could see a merfolk impaler, a merfolk and a water nymph.

Vanquished Creatures
  Rupert (Orc:2)
  Jorgrun (D:14)
  2 krakens
  Gastronok (Lair:1)
  Kirke (Shoals:1)
  Roxanne (Shoals:1)
  Ilsuiw (Shoals:3)
  An orc warlord (Orc:2)
  Nessos (Orc:2)
  A minotaur (Gauntlet)
  A merfolk javelineer (Shoals:3)
  The ghost of Loveship the Destroyer, a journeyman DsCj of Sif Muna (D:11)
  Josephine (Lair:4)
  A merfolk impaler (Shoals:3)
  The ghost of Hikues the Blocker, a journeyman GnFi of Okawaru (Orc:1)
  A hell beast (Gauntlet)
  3 hydras
  6 boulder beetles
  Erica (D:8)
  3 merfolk aquamancers
  2 catoblepae (Lair:2)
  A satyr (Shoals:3)
  11 centaur warriors
  A merfolk avatar (Shoals:2)
  5 two-headed ogres
  A hell hog (Gauntlet)
  4 thrashing horrors (Lair:5)
  2 orc high priests (Orc:2)
  Nergalle (D:12)
  A deep elf knight (D:13)
  A soul eater (Gauntlet)
  2 fire crabs
  A skeletal warrior (D:13)
  8 sea snakes
  4 wizards
  Pikel (D:4)
  13 harpies
  5 orc knights
  A necromancer (D:15)
  6 deep elf pyromancers
  A deep elf zephyrmancer (D:15)
  12 manticores
  4 cyclopes
  7 fauns
  16 ugly things
  3 oklob plants (Lair:5)
  6 orc sorcerers
  15 elephants
  A moth of wrath (Gauntlet)
  An eye of devastation (shapeshifter) (Lair:5)
  4 centaur zombies
  8 merfolk sirens
  2 black mambas
  4 water nymphs
  10 cane toads
  3 gargoyles
  4 centaur skeletons (D:13)
  A cane toad (shapeshifter) (Lair:5)
  An unseen horror (D:11)
  3 rime drakes
  3 torpor snails
  A yaktaur (D:15)
  7 komodo dragons
  A kobold demonologist (D:13)
  An efreet (D:13)
  A yaktaur (shapeshifter) (D:15)
  14 merfolk
  3 ancient zymes (Lair:5)
  8 trolls
  3 meliai (D:13)
  2 burning bushes (Lair:3)
  A queen bee (shapeshifter) (D:15)
  A troll (shapeshifter) (Lair:5)
  2 wind drakes
  A polar bear (Lair:3)
  3 hornets
  A queen bee (Lair:2)
  23 blink frogs
  7 dream sheep (Lair:5)
  A raiju (shapeshifter) (Lair:5)
  6 snapping turtles
  3 large abominations (Lair:5)
  2 centaur simulacra
  Sigmund (D:5)
  A shadow (D:8)
  The ghost of baller8008 the Conjurer, an amateur DECj (D:4)
  10 wraiths
  A spriggan (Lair:5)
  7 wyverns
  8 slime creatures
  A vampire (D:10)
  10 fire bats
  14 water elementals
  4 humans (Shoals:1)
  72 yaks
  A fire elemental (Lair:3)
  A hog (Shoals:1)
  11 vampire mosquitoes
  9 basilisks
  4 steam dragons
  2 chaos spawn (Lair:5)
  3 redbacks (Gauntlet)
  Edmund (D:5)
  3 wargs (D:11)
  2 nagas (Lair:2)
  2 hell hounds (Gauntlet)
  2 acid dragons
  14 water moccasins
  28 orc warriors
  A sky beast (D:6)
  3 ice beasts
  2 black bears
  21 wolves
  4 ogres
  A boggart (D:9)
  17 centaurs
  A lemure (D:4)
  A phantom (D:7)
  6 kobold brigands
  9 bullfrogs
  Blork the orc (D:5)
  A necrophage (D:6)
  4 scorpions
  2 gnoll sergeants
  8 small abominations (Lair:5)
  10 wights
  43 killer bees
  6 electric eels (D:12)
  6 howler monkeys
  A crimson imp (D:13)
  A jelly (D:7)
  16 orc priests
  4 hounds (D:4)
  Terence (D:3)
  17 orc wizards
  4 iguanas
  A boggart skeleton (D:15)
  6 gnolls
  7 adders
  4 shadow imps
  An ufetubus (D:5)
  4 worms (D:4)
  43 orcs
  9 ball pythons
  4 bats
  7 endoplasms
  7 giant cockroaches
  14 hobgoblins
  7 jackals
  27 kobolds
  5 quokkas
  2 frilled lizards
  6 goblins
  5 rats
  2 tentacles
867 creatures vanquished.

Vanquished Creatures (others)
  4 demonic plants (Gauntlet)
  34 fungi
  99 plants
  9 tentacles
146 creatures vanquished.

Grand Total: 1013 creatures vanquished

Notes
Turn   | Place    | Note
-------+----------+-------------------------------------------
     0 | D:1      | Mitcholas the Draconian Hunter began the quest for the Orb.
     0 | D:1      | Reached XP level 1. HP: 17/17 MP: 1/1
    94 | D:1      | Reached skill level 4 in Ranged Weapons
   126 | D:1      | Reached XP level 2. HP: 24/24 MP: 2/2
   157 | D:1      | Found a faded altar of an unknown god.
   767 | D:2      | Reached XP level 3. HP: 29/29 MP: 3/3
   785 | D:2      | Identified the +8 mace "Sezeonweg" {pain, rC++ Str+3}
  1255 | D:3      | Noticed Terence
  1281 | D:3      | Killed Terence
  1282 | D:3      | Reached skill level 5 in Ranged Weapons
  1282 | D:3      | Reached XP level 4. HP: 11/36 MP: 4/4
  1518 | D:3      | Found Papumose's Magic Scroll Boutique.
  1936 | D:4      | Noticed a bullfrog
  1939 | D:4      | Killed a bullfrog
  1940 | D:4      | Reached skill level 6 in Ranged Weapons
  1940 | D:4      | Reached XP level 5. HP: 41/41 MP: 5/5
  1961 | D:4      | Found Ypeequto's Antique Weapon Shoppe.
  1971 | D:4      | Bought a scorched shortbow for 232 gold pieces
  1971 | D:4      | Identified the +10 shortbow of Law {drain, Fragile rN++
                  | Will+++ Dex-4} (You bought it in a shop on level 4 of the
                  | Dungeon)
  2094 | D:4      | Found a shadowy altar of Dithmenos.
  2402 | D:4      | Noticed a hornet
  2525 | D:4      | Found a runed translucent door.
  2534 | D:4      | Noticed a lemure
  2534 | D:4      | Noticed a lemure
  2534 | D:4      | Noticed a lemure
  2536 | D:4      | Noticed Pikel
  2548 | D:4      | Killed a lemure
  2555 | D:4      | Killed Pikel
  2556 | D:4      | Reached skill level 8 in Ranged Weapons
  2556 | D:4      | Reached XP level 6. HP: 41/48 MP: 6/6
  2556 | D:4      | Your scales start taking on a glossy black colour.
  2556 | D:4      | Reached XP level 7. HP: 47/55 MP: 7/7
  2556 | D:4      | Gained mutation: You are resistant to electric shocks.
                  | (rElec) [Black Draconian growth]
  2870 | D:4      | Reached skill level 1 in Stealth
  2881 | D:4      | Noticed baller8008's ghost (amateur DECj)
  3034 | D:5      | Entered Level 5 of the Dungeon
  3305 | D:5      | Noticed Edmund
  3319 | D:5      | Killed Edmund
  3320 | D:5      | Reached XP level 8. HP: 54/63 MP: 8/8
  3377 | D:5      | Noticed Blork the orc
  3379 | D:5      | Killed Blork the orc
  3415 | D:5      | Noticed Sigmund
  3422 | D:5      | Killed Sigmund
  3423 | D:5      | Reached skill level 9 in Ranged Weapons
  3423 | D:5      | Reached skill level 1 in Evocations
  3799 | D:5      | Found a staircase to the Ecumenical Temple.
  3850 | Temple   | Entered the Ecumenical Temple
  4166 | D:4      | Killed a hornet
  4302 | D:4      | Killed baller8008's ghost
  4506 | D:6      | Found a large runed translucent door.
  4512 | D:6      | Found a large runed translucent door.
  4527 | D:6      | Noticed Heh's ghost (novice OpMo)
  4561 | D:6      | Reached XP level 9. HP: 72/72 MP: 9/9
  4709 | D:6      | Identified the +7 war axe of Governance {heavy, rElec rN+
                  | rCorr}
  5436 | D:7      | Reached skill level 5 in Fighting
  5537 | D:7      | Reached skill level 10 in Ranged Weapons
  5624 | D:7      | Found a hide-covered altar of Uskayaw.
  5849 | D:8      | Noticed Erica
  5858 | D:8      | Killed Erica
  5859 | D:8      | Reached skill level 5 in Stealth
  5859 | D:8      | Reached XP level 10. HP: 83/83 MP: 10/10
  5903 | D:8      | Found a basalt altar of Yredelemnul.
  5906 | D:8      | Found an iron altar of Okawaru.
  5909 | D:8      | Became a worshipper of Warmaster Okawaru
  5998 | D:8      | Noticed a boulder beetle
  5998 | D:8      | Noticed a centaur warrior
  6011 | D:8      | Killed a centaur warrior
  6011 | D:8      | Reached * piety under Okawaru
  6012 | D:8      | Reached skill level 5 in Dodging
  6027 | D:8      | Killed a boulder beetle
  6028 | D:8      | Reached skill level 11 in Ranged Weapons
  6028 | D:8      | Reached skill level 5 in Evocations
  6190 | D:8      | Identified the +3 arbalest of the Dwarven Hall {heavy,
                  | rElec rPois Str-5}
  6286 | D:8      | Noticed a centaur warrior
  6292 | D:8      | Killed a centaur warrior
  6292 | D:8      | Reached ** piety under Okawaru
  7025 | D:8      | Noticed a boulder beetle
  7046 | D:8      | Killed a boulder beetle
  7050 | D:8      | Found the +8 storm bow {elec, penet}
  7344 | D:9      | Reached XP level 11. HP: 92/92 MP: 11/11
  7426 | D:9      | Reached *** piety under Okawaru
  7463 | D:9      | Found a runed translucent door.
  7465 | D:9      | Noticed a centaur warrior
  7466 | D:9      | Noticed a deep elf pyromancer
  7467 | D:9      | Noticed a deep elf pyromancer
  7468 | D:9      | Found a runed translucent door.
  7468 | D:9      | Found a runed translucent door.
  7481 | D:9      | Noticed a deep elf pyromancer
  7485 | D:9      | Killed a deep elf pyromancer
  7486 | D:9      | Reached skill level 12 in Ranged Weapons
  7611 | D:9      | Got Edourrura's Handbook of Iron Company
  7628 | D:9      | Reached **** piety under Okawaru
  7792 | D:9      | Identified the +9 great sword of Devuu {holy, rElec rC+}
  7855 | D:9      | Found Riloll's Assorted Antiques.
  8000 | D:9      | Reached ***** piety under Okawaru
  8258 | D:9      | Found a staircase to the Lair.
  8436 | D:9      | Reached skill level 13 in Ranged Weapons
  8510 | D:9      | Found a hazy altar of Hepliaklqana.
  8618 | D:10     | Entered Level 10 of the Dungeon
  8733 | D:10     | Noticed a two-headed ogre
  9055 | D:10     | Reached skill level 1 in Invocations
  9082 | D:10     | Killed a two-headed ogre
  9083 | D:10     | Reached XP level 12. HP: 104/104 MP: 13/13
  9189 | D:10     | Found Qyicutoaja's Armour Shop.
  9215 | D:10     | Bought a +1 pair of gloves of dexterity for 214 gold pieces
  9360 | D:10     | Found an ornate altar of the Wu Jian Council.
  9696 | D:11     | Reached ****** piety under Okawaru
  9824 | D:11     | Noticed a two-headed ogre
  9831 | D:11     | Killed a two-headed ogre
  9831 | D:11     | Identified the +2 pair of boots of the Known World {Harm
                  | rCorr} (Okawaru gifted it to you on level 11 of the
                  | Dungeon)
  9831 | D:11     | Received a gift from Okawaru
 10091 | D:11     | Reached skill level 14 in Ranged Weapons
 10097 | D:11     | Found a staircase to the Orcish Mines.
 10115 | D:11     | Found a runed translucent door.
 10117 | D:11     | Noticed Loveship's ghost (journeyman DsCj)
 10271 | D:11     | Reached skill level 10 in Fighting
 10919 | Lair:1   | Entered Level 1 of the Lair of Beasts
 10984 | Lair:1   | Reached skill level 5 in Invocations
 11138 | Lair:1   | Noticed Gastronok
 11148 | Lair:1   | Killed Gastronok
 11217 | Lair:1   | Reached XP level 13. HP: 114/114 MP: 17/17
 11654 | Lair:2   | Received a gift from Okawaru
 11829 | Lair:2   | Found a staircase to the Snake Pit.
 12371 | Lair:2   | Found a staircase to the Shoals.
 12487 | Lair:2   | Reached skill level 15 in Ranged Weapons
 12489 | Lair:2   | Received a gift from Okawaru
 12834 | Lair:3   | Received a gift from Okawaru
 13553 | Lair:3   | Received a gift from Okawaru
 13854 | Lair:4   | Noticed Josephine
 13858 | Lair:4   | Killed Josephine
 14027 | Lair:4   | Gained mutation: Your large and strong wings let you fly.
                  | [Black Draconian growth]
 14027 | Lair:4   | Reached XP level 14. HP: 125/125 MP: 19/19
 14277 | Lair:4   | Reached skill level 10 in Dodging
 14597 | Lair:5   | Entered Level 5 of the Lair of Beasts
 14776 | Lair:5   | Received a gift from Okawaru
 14841 | Lair:5   | Found a runed translucent gate.
 14841 | Lair:5   | Found a runed translucent gate.
 14841 | Lair:5   | Found a runed translucent gate.
 14842 | Lair:5   | Noticed an azure jelly
 14845 | Lair:5   | Noticed a rockslime
 14845 | Lair:5   | Noticed relicbr's ghost (journeyman TrBe)
 14845 | Lair:5   | Noticed an azure jelly
 14845 | Lair:5   | Noticed an acid blob
 14845 | Lair:5   | Noticed an acid blob
 14846 | Lair:5   | Noticed an azure jelly
 14846 | Lair:5   | Noticed an acid blob
 14846 | Lair:5   | Noticed an acid blob
 14849 | Lair:5   | Found a viscous altar of Jiyva.
 14862 | Lair:5   | Found a staircase to the Slime Pits.
 14877 | Lair:5   | Reached skill level 16 in Ranged Weapons
 15223 | Lair:5   | Identified the +5 spear of Ronel {freeze, rPois rF+ Int+3
                  | Dex-4}
 16015 | Lair:5   | Identified the +1 buckler of Compression {Str+3 Dex+5
                  | Stlth-} (Okawaru gifted it to you on level 5 of the Lair of
                  | Beasts)
 16015 | Lair:5   | Received a gift from Okawaru
 16235 | Lair:5   | Found a corrupted altar of Lugonu.
 16237 | Lair:5   | Found a one-way gate to the infinite horrors of the Abyss.
 16482 | D:12     | Noticed Nergalle
 16491 | D:12     | Killed Nergalle
 16674 | D:12     | Found a basalt altar of Yredelemnul.
 16988 | D:12     | Reached skill level 1 in Spellcasting
 17987 | D:13     | Reached XP level 15. HP: 96/134 MP: 22/22
 18236 | D:13     | Reached skill level 17 in Ranged Weapons
 18515 | D:13     | Received a gift from Okawaru
 18535 | D:13     | Found a gate to the Vaults.
 19038 | D:14     | Found a stormy altar of Qazlal.
 19253 | D:14     | Noticed Jorgrun
 19267 | D:14     | HP: 1/136 [Jorgrun/blast of rock fragments (46)]
 19271 | D:14     | Killed Jorgrun
 19272 | D:14     | Reached skill level 10 in Invocations
 20370 | D:15     | Entered Level 15 of the Dungeon
 20606 | D:15     | Found a gate leading to a gauntlet.
 20615 | Gauntlet | Entered a Gauntlet
 20615 | Gauntlet | Found a transporter.
 20615 | Gauntlet | Found a runed translucent door.
 20659 | Gauntlet | Found a runed translucent door.
 20661 | Gauntlet | Found a transporter.
 20665 | Gauntlet | Found a transporter.
 20673 | Gauntlet | Found a transporter.
 20677 | Gauntlet | Found a transporter.
 20683 | Gauntlet | Found a runed translucent gate.
 20685 | Gauntlet | Found a runed translucent gate.
 20685 | Gauntlet | Found a transporter.
 20687 | Gauntlet | Found a runed translucent gate.
 20689 | Gauntlet | Found a transporter.
 20697 | Gauntlet | Found a transporter.
 20701 | Gauntlet | Found a transporter.
 20712 | Gauntlet | Found a transporter.
 20740 | Gauntlet | Found a transporter.
 20752 | Gauntlet | Found a transporter.
 20764 | Gauntlet | Found a transporter.
 20776 | Gauntlet | Found a transporter.
 20818 | Gauntlet | Identified the +3 triple crossbow of the Big Fish {elec,
                  | Will+ Int+3} (Okawaru gifted it to you in a Gauntlet)
 20818 | Gauntlet | Received a gift from Okawaru
 21112 | Gauntlet | Identified the ring "Leezub" {Wiz Will+ Str-5 Int+4}
 21299 | Gauntlet | Identified the +5 hand axe of Diet Blood {flame, rC+ rN+}
 21299 | Gauntlet | Identified the ring "Zatsani Itets" {rC+ EV+5 Str+3}
 21310 | Gauntlet | Identified the -2 cloak of Futo {Str+5}
 21310 | Gauntlet | Identified the +6 scimitar of Crystal {heavy, rCorr}
 21311 | Gauntlet | Got the Book of Space
 21471 | D:15     | Found a staircase to the Depths.
 21839 | D:11     | Killed Loveship's ghost
 21997 | Orc:1    | Entered Level 1 of the Orcish Mines
 22348 | Orc:1    | Found a runed translucent door.
 22687 | Orc:1    | Noticed Hikues's ghost (journeyman GnFi)
 22693 | Orc:1    | Killed Hikues's ghost
 22739 | Orc:2    | Entered Level 2 of the Orcish Mines
 22757 | Orc:2    | Noticed Rupert
 22757 | Orc:2    | Noticed Nessos
 22768 | Orc:2    | Killed Rupert
 22774 | Orc:2    | Killed Nessos
 22775 | Orc:2    | Reached XP level 16. HP: 145/145 MP: 24/24
 22919 | Orc:2    | Reached skill level 18 in Ranged Weapons
 22959 | Orc:2    | Found a staircase to the Elven Halls.
 22985 | Orc:2    | Found Cubriar's Antique Weapon Emporium.
 23107 | Orc:2    | Reached skill level 5 in Spellcasting
 23211 | Orc:2    | Found Huiwn's General Store.
 23230 | Orc:2    | Found Zeof's Antique Armour Boutique.
 23291 | Orc:2    | Found Nethe's Jewellery Emporium.
 23666 | Shoals:1 | Entered Level 1 of the Shoals
 23769 | Shoals:1 | Identified Roxanne's Almanac of Sculpting
 23769 | Shoals:1 | Noticed Roxanne
 23779 | Shoals:1 | Killed Roxanne
 23891 | Shoals:1 | Noticed Kirke
 23901 | Shoals:1 | Killed Kirke
 24002 | Shoals:1 | Identified the -1 buckler of Fitt {+Inv} (Okawaru gifted it
                  | to you on level 1 of the Shoals)
 24002 | Shoals:1 | Received a gift from Okawaru
 25459 | Shoals:2 | Noticed a kraken
 25470 | Shoals:2 | Killed a kraken
 25789 | Shoals:3 | Noticed Bai Suzhen
 26015 | Shoals:3 | Found Plog's Antique Armour Boutique.
 26155 | Shoals:3 | Noticed Ilsuiw
 26573 | Shoals:3 | Killed Ilsuiw
 26859 | Shoals:3 | Noticed a kraken
 26868 | Shoals:3 | Killed a kraken
 27248 | Shoals:3 | Received a gift from Okawaru
 27439 | Shoals:4 | Entered Level 4 of the Shoals
 27446 | Shoals:4 | Found Ymiufat's General Store.
 27503 | Shoals:4 | Bought a potion of heal wounds for 90 gold pieces
 27515 | Shoals:4 | Received a gift from Okawaru
 27521 | Shoals:4 | Reached XP level 17. HP: 128/154 MP: 26/26
 27528 | Shoals:4 | Learned a level 5 spell: Borgnjor's Vile Clutch
 27629 | Shoals:4 | HP: 2/154 [merfolk/boomerang[a merfolk impaler] (14)]
 27629 | Shoals:4 | Mangled by a merfolk impaler

Illustrated notes

Levels and vault maps discovered:
D:1:      co_arrival_random_square_maze, layout_basic,
          ebering_ecumenical_altar_ruins
D:2:      layout_rooms
D:3:      layout_basic, serial_shops, shop, uniq_terence
D:4:      minmay_chambers_of_fours, layout_basic,
          nicolae_dithmenos_through_a_glass_darkly, serial_shops, shop,
          ebering_ghost_reflecting_pool, minivault_5, grunt_decor_clamped,
          st_stairs_10, kennysheep_generic_room_15, uniq_pikel
D:5:      nicolae_cairo_tiling_very_big, layout_gridville,
          kennysheep_generic_room_6, uniq_sigmund, uniq_blork_the_orc,
          uniq_edmund
D:6:      layout_cave_pods, ebering_ghost_disaster_area
D:7:      layout_loops_cross, nicolae_uskayaw_dance_hall, minivault_19
D:8:      minmay_tri_box, layout_basic, nicolae_overflow_squiral, uniq_erica
D:9:      minmay_the_grid_four_pointed_star_mashed
          [minmay_the_grid_triangle_9x9_skeleton,
          minmay_the_grid_triangle_9x9_longest,
          minmay_the_grid_triangle_9x9_fully_insulated_deathbox,
          minmay_the_grid_triangle_9x9_swiss_cheese,
          minmay_the_grid_prize_four_corners_diamond_a], layout_loops_ring,
          old_standard_altar, minmay_lair_entry_grove, serial_shops,
          kennysheep_mini, amcnicky_mini_pool_small, minmay_diced_spiral
D:10:     minmay_four_partial_circles, layout_irregular_city,
          nzn_wu_jian_council_hall, serial_shops, nicolae_stop_n_shop_2
D:11:     layout_cave_pools, minmay_orc_entry_guard_dogs, gammafunk_ghost_grave,
          lemuel_flame_loot_1
D:12:     layout_basic, serial_glass, glass_columns_b, glass_columns_a,
          lemuel_zombie_altar_yredelemnul, uniq_nergalle
D:13:     layout_irregular_city, hangedman_vaults_entry_quadrant_bands,
          minivault_22, lightli_wizard_tower
D:14:     layout_basic, nicolae_qazlal_general_emergency, serial_glass,
          glass_columns_c, glass_columns_a, minmay_checkerbox, uniq_jorgrun
D:15:     grunt_enter_depths_magical_seal, layout_rooms, gauntlet_entry_generic,
          hex_intersection
Temple:   kb_temple_of_zot
Lair:1:   layout_loops_ring, uniq_gastronok
Lair:2:   layout_roguey [special_room_bee], minmay_shoals_entry_lonely_mermaid,
          guppyfry_snake_entry_island
Lair:3:   layout_gridlike, evilmike_ambush [evilmike_ambush_outer_basic,
          evilmike_ambush_inner_basic], serial_bayou_shore_b
Lair:4:   layout_regular_city, beast_lair_carwin_3, lemuel_fruit_fields,
          uniq_josephine
Lair:5:   hellmonk_lair_end_abyssal_woods, layout_cave_pods,
          minmay_slime_entry_oklob_open, gammafunk_ghost_ooze
Shoals:1: layout_shoals, uniq_roxanne, uniq_kirke
Shoals:2: layout_shoals
Shoals:3: layout_shoals, serial_shops, nicolae_shop_hallway_stairs, uniq_ilsuiw,
          uniq_bai_suzhen
Shoals:4: shoals_end_hangedman, layout_shoals, serial_shops, nicolae_shop_trees,
          shop
Orc:1:    layout_diamond_mine, ebering_ghost_reflecting_pool
Orc:2:    grunt_orc_gardens, layout_diamond_mine, grunt_orc_garden,
          grunt_orc_garden, grunt_orc_garden, grunt_orc_garden,
          david_defended_altar_orc, uniq_nessos, uniq_rupert

Skill      XL: |  1  2  3  4  5  6  7  8  9 10 11 12 13 14 15 16 |
---------------+-------------------------------------------------+-----
Ranged Weapons | 4 5 6 8 9 10 11 13 14 15 16 17 18 | 18.9
Stealth        | 2 3 5 |  5.0
Dodging        | 2 3 4 6 7 8 9 10 11 | 11.7
Fighting       | 3 4 5 7 9 10 11 12 13 14 | 14.8
Evocations     | 2 4 5 6 |  6.0
Invocations    | 2 5 7 9 10 13 | 13.0
Spellcasting   | 1 4 6 |  6.6
Necromancy     | |  0.1
Earth Magic    | |  0.2

Action                     |  1- 3 |  4- 6 |  7- 9 | 10-12 | 13-15 | 16-18 || total
---------------------------+-------+-------+-------+-------+-------+-------++-------
  Melee: Unarmed           |       |       |       |     6 |       |       ||     6
   Fire: Shortbow          |   113 |    88 |   190 |   113 |       |       ||   504
         Longbow           |       |       |       |   451 |   956 |    45 ||  1452
         Arbalest          |       |       |       |       |   128 |   396 ||   524
 Invoke: Heroism           |       |       |       |       |     4 |     1 ||     5
         Finesse           |       |       |       |       |     1 |     1 ||     2
Ability: Breathe Lightning |       |       |     2 |     2 |     4 |     1 ||     9
         Evoke Invisibilit |       |       |       |       |     1 |       ||     1
  Evoke: Wand              |       |       |     3 |     8 |     1 |       ||    12
    Use: Scroll            |       |       |     8 |     3 |     7 |     7 ||    25
         Potion            |       |       |       |     1 |     6 |     1 ||     8
 Armour: Skin              |    13 |     3 |    22 |    71 |   104 |    41 ||   254
  Dodge: Dodged            |    30 |    14 |    24 |   155 |   416 |   335 ||   974
  Block: Other             |       |       |     2 |    48 |   109 |    55 ||   214
         Reflection        |       |       |       |     2 |    13 |     6 ||    21

Table legend: (Time is in decaauts)
 A = Elapsed time spent in this place.
 B = Non-inter-level travel time spent in this place.
 C = Inter-level travel time spent in this place.
 D = Time resting spent in this place.
 E = Time spent auto-exploring this place.
 F = Levels seen in this place.
 G = Mean time per level.
                   A        B        C        D        E       F      G
               +--------+--------+--------+--------+--------+-----+--------+
         Total |  27886 |  25688 |   2198 |   3703 |  17142 |  28 |  995.9 |
       Dungeon |  15810 |  14372 |   1438 |   2046 |   9764 |  15 | 1054.0 |
        Temple |    118 |    103 |     15 |      0 |     92 |   1 |  118.0 |
          Lair |   5665 |   5208 |    457 |    401 |   3815 |   5 | 1133.0 |
        Shoals |   4094 |   3893 |    201 |    909 |   2289 |   4 | 1023.5 |
  Orcish Mines |   1477 |   1391 |     86 |     43 |    979 |   2 |  738.5 |
      Gauntlet |    720 |    720 |      0 |    303 |    203 |   1 |  720.0 |
               +--------+--------+--------+--------+--------+-----+--------+

Top non-repeatable levels by time:
  Lair:5: 1735 daAuts
    D:13: 1658 daAuts
     D:8: 1632 daAuts
    D:11: 1517 daAuts
Shoals:2: 1440 daAuts
     D:4: 1416 daAuts
     D:9: 1396 daAuts
  Lair:2: 1258 daAuts
Shoals:3: 1233 daAuts
Shoals:1: 1210 daAuts
    D:10: 1158 daAuts
  Lair:3: 1087 daAuts
    D:14: 1033 daAuts
    D:12: 999 daAuts
  Lair:4: 832 daAuts
